Map: Year Zero LE

Players

Yastiandrie - Winner!

  • Race: Zerg Zerg
  • League: Platinum
  • Spawn Location: 1:00

VOD

Have the link to the VOD?

Description

No idea how to delete

Time

  • Played on: March 8, 2019, 6:53 a.m.
  • Length: 25:04
Show
View Real Time Build Order
Export as new Build Order

Yastiandrie Zerg - Winner!

Build Orders:  

Get SALT Encoding   

  12  0:02  Drone  
  13  0:19  Overlord  
  13  0:25  Drone  
  14  0:45  Drone x2  
  16  0:50  Drone  
  17  1:18  Hatchery  
  16  1:21  Drone  
  17  1:40  Spawning Pool  
  17  1:44  Drone  
  17  1:51  Drone  
  17  1:57  Drone  
  19  2:10  Extractor, Drone  
  19  2:24  Drone  
  20  2:35  Overlord  
  20  2:51  Drone  
  20  2:58  Queen  
  23  3:00  Queen  
  23  3:02  Drone  
  23  3:06  Drone  
  27  3:17  Overlord  
  27  3:20  Drone  
  28  3:31  Drone  
  29  3:43  Drone  
  29  3:46  Overlord  
  30  3:57  Drone  
  31  4:01  Drone  
  31  4:05  Drone  
  33  4:10  Queen  
  33  4:12  Lair  
  33  4:14  Drone  
  36  4:20  Drone  
  36  4:28  Roach Warren  
  36  4:30  Evolution Chamber  
  36  4:33  Drone  
  36  4:35  Evolution Chamber  
  36  4:37  Drone  
  36  4:41  Drone  
  36  4:42  Drone  
  36  4:46  Drone  
  36  4:49  Drone  
  40  4:56  Overlord  
  40  4:58  Drone  
  41  5:02  Drone  
  41  5:08  Extractor  
  41  5:09  Drone  
  42  5:10  Extractor  
  42  5:16  Drone  
  42  5:17  Drone  
  43  5:20  Zerg Missile Weapons Level 1  
  43  5:22  Drone  
  43  5:24  Drone  
  43  5:27  Drone  
  46  5:31  Drone  
  46  5:32  Drone  
  46  5:37  Glial Reconstitution  
  48  5:47  Drone  
  49  5:52  Overlord  
  49  5:53  Overlord  
  49  5:56  Roach  
  51  6:07  Roach  
  51  6:08  Roach  
  55  6:13  Roach  
  55  6:14  Roach  
  55  6:19  Roach x2  
  39  6:20  Roach  
  63  6:23  Roach  
  67  6:35  Roach  
  67  6:36  Roach x2  
  73  6:53  Roach  
  75  7:01  Hatchery  
  75  7:02  Overlord  
  75  7:03  Overlord  
  74  7:10  Roach  
  76  7:56  Drone  
  76  7:57  Drone x8  
  85  8:15  Drone  
  85  8:16  Drone x5  
  91  8:21  Hydralisk Den  
  91  8:27  Drone x2  
  86  8:32  Extractor  
  86  8:34  Drone  
  64  8:55  Infestation Pit  
  64  8:57  Drone x3  
  64  8:58  Drone x5  
  64  8:59  Drone  
  72  9:04  Extractor  
  72  9:06  Drone  
  72  9:07  Extractor  
  71  9:10  Drone  
  72  9:40  Hatchery  
  71  9:55  Roach  
  71  9:56  Roach x10  
  71  9:58  Overlord x2  
  93  10:05  Zerg Missile Weapons Level 2  
  93  10:07  Zerg Ground Armor Level 1  
  93  10:30  Overlord x2  
  93  10:31  Roach  
  93  10:32  Roach x8  
  111  10:52  Overlord x2  
  111  10:55  Roach x3  
  111  10:56  Roach x2  
  121  11:08  Overlord  
  121  11:09  Overlord x2  
  121  11:16  Drone  
  121  11:17  Drone  
  121  11:19  Drone x3  
  126  11:23  Drone x2  
  126  11:25  Drone x3  
  126  11:27  Drone  
  132  11:41  Drone  
  132  11:42  Spire  
  132  11:50  Unknown, Hydralisk x4  
  132  11:51  Hydralisk x4  
  148  12:02  Extractor, Drone x2  
  148  12:04  Extractor  
  148  12:08  Overlord  
  148  12:09  Overlord  
  148  12:14  Hydralisk  
  148  12:15  Hydralisk x6  
  148  12:17  Hive  
  162  12:26  Hydralisk  
  162  12:27  Hydralisk x2  
  168  12:53  Hydralisk x7  
  182  13:07  Overlord x2  
  182  13:19  Overlord  
  182  13:20  Overlord  
  182  13:24  Hydralisk  
  184  13:30  Unknown  
  184  13:35  Hydralisk x8  
  200  13:46  Overlord x2  
  200  13:48  Overseer  
  200  13:55  Pneumatized Carapace  
  200  14:28  Zerg Missile Weapons Level 3  
  88  14:30  Zerg Ground Armor Level 2  
  198  14:37  Hydralisk x2  
  184  14:41  Hydralisk  
  184  14:44  Hydralisk  
  184  14:47  Metabolic Boost  
  188  14:53  Drone  
  171  15:21  Hatchery  
  171  15:25  Spine Crawler  
  171  15:27  Spine Crawler  
  166  15:31  Spore Crawler  
  166  15:32  Drone x2  
  166  15:33  Drone  
  166  15:43  Corruptor x3  
  166  15:44  Corruptor x5  
  154  16:26  Corruptor x2  
  154  16:27  Corruptor  
  154  16:29  Hydralisk x7  
  174  16:40  Greater Spire  
  174  16:57  Adrenal Overload  
  174  17:08  Extractor  
  173  17:13  Extractor, Drone x2  
  172  18:08  Zerg Melee Weapons Level 1  
  172  18:13  Zerg Ground Armor Level 3  
  172  18:22  Brood Lord x4  
  172  18:23  Brood Lord x3  
  186  18:30  Zerg Flyer Armor Level 1  
  186  19:13  Zergling x28  
  170  19:59  Drone  
  171  20:10  Brood Lord  
  171  20:11  Brood Lord x3  
  176  20:21  Hatchery  
  176  20:23  Zergling x26  
  176  20:24  Zergling x24  
  192  21:25  Zerg Melee Weapons Level 2  
  192  21:30  Drone  
  188  22:21  Hydralisk x6  
  197  23:39  Drone x2  
  199  23:54  Extractor  
  199  23:57  Extractor  
Tags
 
Add a new tag
Caveats
  • Supply blocks, unpowered buildings, or Contaminate may cause inaccurate times.
  • Supply counts are checked every 10 seconds.